PAA
SPRINGFIELD SHOOTERS @ LAKE MINNETONKA LOVE BOATS
06/21/2032
 
TOP OF THE 1ST
Springfield Shooters batting - Pitching for Lake Minnetonka Love Boats : RHP Kagetoki Matsubara
Pitching: RHP Kagetoki Matsubara
Batting: RHB Tony Martínez 0-0: Reached on error, E6 (Groundball, 6D)
Batting: RHB Eun-bum Kim 0-0: Ball
1-0: Foul Ball, location: 2F
1-1: Called Strike
1-2: Strikes out swinging
Batting: RHB Fletcher Megarity 0-0: Ball
1-0: Ball
2-0: Called Strike
2-1: SINGLE (Line Drive, 3)
Tony Martínez to second
Batting: RHB Wei-qiang Mo 0-0: Fly out, F8 (Flyball, 8RS)
Batting: RHB Miguel Elías 0-0: Ball
1-0: Ball
2-0: Swinging Strike
2-1: Ball
3-1: Fly out, F3 (Line Drive, 34)
Top of the 1st over - 0 runs, 1 hit, 1 error, 2 left on base; Springfield 0 - Lake Minnetonka 0
BOTTOM OF THE 1ST
Lake Minnetonka Love Boats batting - Pitching for Springfield Shooters : LHP Mike McKay
Pitching: LHP Mike McKay
Batting: RHB Francisco Guerra 0-0: Ball
1-0: Ball
2-0: Fly out, F7 (Flyball, 7)
Batting: RHB Jeff Hunter 0-0: Ball
1-0: Foul Ball, location: 2F
1-1: Foul Ball, location: 2F
1-2: Foul Ball, location: 2F
1-2: Ball
2-2: Fly out, F5 (Line Drive, 5)
Batting: RHB Mario van Heijbeeck 0-0: Ball
1-0: Foul Ball, location: 2F
1-1: Foul Ball, location: 2F
1-2: Foul Ball, location: 2F
1-2: SINGLE (Groundball, 34S) (infield hit)
Batting: RHB Guillermo Carrizales 0-0: Ball
Mario van Heijbeeck is caught stealing 2nd base
Bottom of the 1st over - 0 runs, 1 hit, 0 errors, 0 left on base; Springfield 0 - Lake Minnetonka 0
TOP OF THE 2ND
Springfield Shooters batting - Pitching for Lake Minnetonka Love Boats : RHP Kagetoki Matsubara
Batting: RHB Sébastien Bernard 0-0: Ball
1-0: Ball
2-0: Foul Ball, location: 2F
2-1: Fly out, F7 (Flyball, 78S)
Batting: LHB Gabriel Díaz 0-0: Ball
1-0: Fly out, F7 (Flyball, 78M)
Batting: RHB Pacu Martic 0-0: SINGLE (Line Drive, 5)
Batting: RHB Young-hoon Im 0-0: Foul Ball, location: 2F
0-1: Ball
1-1: Foul Ball, location: 2F
1-2: Ball
2-2: Ball
3-2: SINGLE (Groundball, 4MD)
Pacu Martic to second
Pacu Martic to third
Batting: RHB Tony Martínez 0-0: Ball
1-0: Ball
2-0: Swinging Strike
2-1: Ball
3-1: Fielders Choice at 2nd, 5-4 (Groundball, 56)
Top of the 2nd over - 0 runs, 2 hits, 0 errors, 2 left on base; Springfield 0 - Lake Minnetonka 0
BOTTOM OF THE 2ND
Lake Minnetonka Love Boats batting - Pitching for Springfield Shooters : LHP Mike McKay
Batting: RHB Guillermo Carrizales 0-0: Called Strike
0-1: Foul Ball, location: 2F
0-2: Foul Ball, location: 2F
0-2: Ball
1-2: Ground out 6-3 (Groundball, 6)
Batting: LHB Jin-song Seah 0-0: Called Strike
0-1: Ball
1-1: Called Strike
1-2: SINGLE (Groundball, 6MD)
Batting: RHB Shihei Kichikawa 0-0: SINGLE (Line Drive, 56D)
Jin-song Seah to second
Runner from 2nd tries for 3rd, SAFE, no throw
Batting: SHB Tommy Dreamer 0-0: Called Strike
0-1: Ball
1-1: Foul Ball, location: 2F
1-2: Fly out, F8 (Flyball, 78D)
Runner from 3rd tags up, SCORES, throw made
Batting: RHB Mike Bean 0-0: Called Strike
Shihei Kichikawa steals 2nd base
0-1: Ball
1-1: Foul Ball, location: 2F
1-2: Ball
2-2: Fly out, F9 (Flyball, 9S)
Bottom of the 2nd over - 1 run, 2 hits, 0 errors, 1 left on base; Springfield 0 - Lake Minnetonka 1
TOP OF THE 3RD
Springfield Shooters batting - Pitching for Lake Minnetonka Love Boats : RHP Kagetoki Matsubara
Batting: RHB Eun-bum Kim 0-0: Called Strike
0-1: Foul Ball, location: 2F
0-2: Fly out, F9 (Flyball, 9S)
Batting: RHB Fletcher Megarity 0-0: Ball
1-0: Called Strike
1-1: Ball
2-1: Fly out, F8 (Flyball, 8RM)
Batting: RHB Wei-qiang Mo 0-0: Ball
1-0: Ball
2-0: Ball
3-0: Base on Balls
Batting: RHB Miguel Elías 0-0: Ball
1-0: Swinging Strike
1-1: Swinging Strike
1-2: Strikes out looking
Top of the 3rd over - 0 runs, 0 hits, 0 errors, 1 left on base; Springfield 0 - Lake Minnetonka 1
BOTTOM OF THE 3RD
Lake Minnetonka Love Boats batting - Pitching for Springfield Shooters : LHP Mike McKay
Batting: RHB Michael Sweeney 0-0: Ball
1-0: Swinging Strike
1-1: Foul Ball, location: 2F
1-2: Ball
2-2: Foul Ball, location: 2F
2-2: Foul Ball, location: 2F
2-2: SINGLE (Groundball, 3) (infield hit)
Batting: RHB Francisco Guerra 0-0: Ball
1-0: Called Strike
1-1: Ball
2-1: 2-RUN HOME RUN (Flyball, 7LD), Distance : 323 ft
Batting: RHB Jeff Hunter 0-0: Ball
1-0: Called Strike
1-1: Foul Ball, location: 2F
1-2: Foul Ball, location: 2F
1-2: Foul Ball, location: 2F
1-2: SINGLE (Groundball, 34D)
Batting: RHB Mario van Heijbeeck 0-0: DOUBLE (Line Drive, 9D)
Jeff Hunter to third
Runner from 3rd tries for Home, SAFE, throw made at trailing runner, OUT at third!
Batting: RHB Guillermo Carrizales 0-0: Ball
1-0: Ball
2-0: DOUBLE (Flyball, 8RXD)
Batting: LHB Jin-song Seah 0-0: Fly out, F8 (Line Drive, 8RD)
Batting: RHB Shihei Kichikawa 0-0: Called Strike
0-1: Foul Ball, location: 2F
0-2: Ball
1-2: Ball
2-2: Fly out, F5 (Popup, 56)
Bottom of the 3rd over - 3 runs, 5 hits, 0 errors, 1 left on base; Springfield 0 - Lake Minnetonka 4
TOP OF THE 4TH
Springfield Shooters batting - Pitching for Lake Minnetonka Love Boats : RHP Kagetoki Matsubara
Batting: RHB Sébastien Bernard 0-0: Called Strike
0-1: Ground out 1-3 (Groundball, 15S)
Batting: LHB Gabriel Díaz 0-0: Foul Ball, location: 2F
0-1: Called Strike
0-2: Strikes out swinging
Batting: RHB Pacu Martic 0-0: Ball
1-0: Ground out 6-3 (Groundball, 6M)
Top of the 4th over - 0 runs, 0 hits, 0 errors, 0 left on base; Springfield 0 - Lake Minnetonka 4
BOTTOM OF THE 4TH
Lake Minnetonka Love Boats batting - Pitching for Springfield Shooters : LHP Mike McKay
Batting: SHB Tommy Dreamer 0-0: Called Strike
0-1: Swinging Strike
0-2: Ball
1-2: Ball
2-2: SINGLE (Groundball, 6MD)
Batting: RHB Mike Bean 0-0: Called Strike
0-1: Foul Ball, location: 2F
0-2: Ball
1-2: SINGLE (Groundball, 34D)
Tommy Dreamer to second
Runner from 2nd tries for 3rd, SAFE, no throw
Batting: RHB Michael Sweeney 0-0: Ball
1-0: Called Strike
1-1: Fly out, F8 (Line Drive, 8RM)
Runner from 3rd tags up, SCORES, no throw
Batting: RHB Francisco Guerra 0-0: Called Strike
0-1: Ball
1-1: Ball
2-1: SINGLE (Flyball, 7LS)
Mike Bean to second
Batting: RHB Jeff Hunter 0-0: Ball
1-0: Ball
2-0: Ball
3-0: Base on Balls
Mike Bean to third
Francisco Guerra to second
Batting: RHB Mario van Heijbeeck 0-0: Ball
Wild Pitch!
Mike Bean scores
Francisco Guerra to third
Jeff Hunter to second
1-0: Foul Ball, location: 2F
1-1: Ground out 5-3 (Groundball, 56)
Francisco Guerra scores
Batting: RHB Guillermo Carrizales 0-0: Ball
1-0: Foul Ball, location: 2F
1-1: Ground out 4-3 (Groundball, 4M)
Bottom of the 4th over - 3 runs, 3 hits, 0 errors, 1 left on base; Springfield 0 - Lake Minnetonka 7
TOP OF THE 5TH
Springfield Shooters batting - Pitching for Lake Minnetonka Love Boats : RHP Kagetoki Matsubara
Batting: RHB Young-hoon Im 0-0: Ball
1-0: Foul Ball, location: 2F
1-1: Swinging Strike
1-2: Ball
2-2: Ball
3-2: Strikes out swinging
Batting: RHB Tony Martínez 0-0: Fly out, F7 (Flyball, 7LMF)
Batting: RHB Eun-bum Kim 0-0: Called Strike
0-1: Swinging Strike
0-2: Foul Ball, location: 2F
0-2: Strikes out swinging
Top of the 5th over - 0 runs, 0 hits, 0 errors, 0 left on base; Springfield 0 - Lake Minnetonka 7
BOTTOM OF THE 5TH
Lake Minnetonka Love Boats batting - Pitching for Springfield Shooters : LHP Mike McKay
Batting: LHB Jin-song Seah 0-0: Called Strike
0-1: Ball
1-1: Fly out, F8 (Line Drive, 8LS)
Pitching: LHP Otte Leuthold
Batting: RHB Shihei Kichikawa 0-0: Foul Ball, location: 2F
0-1: Ball
1-1: Foul Ball, location: 2F
1-2: Ground out 6-3 (Groundball, 6)
Batting: SHB Tommy Dreamer 0-0: Swinging Strike
0-1: Foul Ball, location: 2F
0-2: Ball
1-2: SINGLE (Flyball, 9LS)
Batting: RHB Mike Bean 0-0: Ball
1-0: Ball
2-0: Called Strike
2-1: Ball
3-1: Foul Ball, location: 2F
3-2: DOUBLE (Line Drive, 8RD)
Tommy Dreamer to third
Tommy Dreamer scores
Batting: RHB Michael Sweeney 0-0: Fly out, F7 (Flyball, 78XD)
Bottom of the 5th over - 1 run, 2 hits, 0 errors, 1 left on base; Springfield 0 - Lake Minnetonka 8
TOP OF THE 6TH
Springfield Shooters batting - Pitching for Lake Minnetonka Love Boats : RHP Kagetoki Matsubara
Batting: RHB Fletcher Megarity 0-0: Swinging Strike
0-1: Swinging Strike
0-2: Strikes out swinging
Batting: RHB Wei-qiang Mo 0-0: Called Strike
0-1: Ball
1-1: Foul Ball, location: 2F
1-2: Ball
2-2: Ground out 5-3 (Groundball, 5)
Batting: RHB Miguel Elías 0-0: Called Strike
0-1: Ball
1-1: Ground out 4-3 (Groundball, 4M)
Top of the 6th over - 0 runs, 0 hits, 0 errors, 0 left on base; Springfield 0 - Lake Minnetonka 8
BOTTOM OF THE 6TH
Lake Minnetonka Love Boats batting - Pitching for Springfield Shooters : LHP Otte Leuthold
Batting: RHB Francisco Guerra 0-0: Called Strike
0-1: Swinging Strike
0-2: SINGLE (Groundball, 4MD)
Batting: RHB Jeff Hunter 0-0: Swinging Strike
0-1: Foul Ball, location: 2F
0-2: Ball
1-2: Fly out, F9 (Flyball, 9LD)
Now in RF: Lee Allen
Batting: RHB Mario van Heijbeeck 0-0: Ball
1-0: Grounds into double play, 6-4-3 (Groundball, 6)
Bottom of the 6th over - 0 runs, 1 hit, 0 errors, 0 left on base; Springfield 0 - Lake Minnetonka 8
TOP OF THE 7TH
Springfield Shooters batting - Pitching for Lake Minnetonka Love Boats : RHP Kagetoki Matsubara
Batting: RHB Sébastien Bernard 0-0: Swinging Strike
0-1: Ball
1-1: Ball
2-1: Ball
3-1: Called Strike
3-2: Ground out 6-3 (Groundball, 6S)
Batting: LHB Gabriel Díaz 0-0: Foul Ball, location: 2F
0-1: Ball
1-1: Called Strike
1-2: Ball
2-2: Strikes out looking
Batting: RHB Pacu Martic 0-0: Called Strike
0-1: Called Strike
0-2: Ball
1-2: Foul Ball, location: 2F
1-2: Strikes out swinging
Top of the 7th over - 0 runs, 0 hits, 0 errors, 0 left on base; Springfield 0 - Lake Minnetonka 8
BOTTOM OF THE 7TH
Lake Minnetonka Love Boats batting - Pitching for Springfield Shooters : LHP Otte Leuthold
Batting: RHB Guillermo Carrizales 0-0: Ball
1-0: TRIPLE (Flyball, 78XD)
Batting: LHB Jin-song Seah 0-0: Called Strike
0-1: Swinging Strike
0-2: Foul Ball, location: 2F
0-2: Strikes out swinging
Batting: RHB Shihei Kichikawa 0-0: Ball
1-0: Foul Ball, location: 2F
1-1: Called Strike
1-2: Ball
2-2: Foul Ball, location: 2F
2-2: 2-RUN HOME RUN (Flyball, 7D), Distance : 366 ft
Pinch Hitting: RHB Yoshii Saikawa 0-0: Swinging Strike
0-1: Ball
1-1: Ball
2-1: SINGLE (Groundball, 6MD)
Batting: RHB Mike Bean 0-0: Ball
1-0: SINGLE (Flyball, 9LS)
Yoshii Saikawa to second
Runner from 2nd tries for 3rd, SAFE, no throw
Batting: RHB Michael Sweeney 0-0: Foul Ball, location: 2F
0-1: Ball
1-1: Ball
2-1: Foul Ball, location: 2F
2-2: Ball
3-2: SINGLE (Line Drive, 56D)
Yoshii Saikawa scores
Mike Bean to second
Batting: RHB Francisco Guerra 0-0: Called Strike
0-1: Foul Ball, location: 2F
0-2: Fielders Choice at 2nd, 3-6 (Groundball, 3)
Mike Bean to third
Batting: RHB Jeff Hunter 0-0: Ground out U3 (Groundball, 34S)
Bottom of the 7th over - 3 runs, 5 hits, 0 errors, 2 left on base; Springfield 0 - Lake Minnetonka 11
TOP OF THE 8TH
Springfield Shooters batting - Pitching for Lake Minnetonka Love Boats : RHP Kagetoki Matsubara
Now at 3B: Yoshii Saikawa
Batting: RHB Young-hoon Im 0-0: Ball
1-0: Ball
2-0: Called Strike
2-1: Foul Ball, location: 2F
2-2: Foul Ball, location: 2F
2-2: Foul Ball, location: 2F
2-2: Ball
3-2: Hit by Pitch
Batting: RHB Tony Martínez 0-0: Called Strike
0-1: Ball
1-1: Swinging Strike
1-2: Strikes out looking
Batting: RHB Eun-bum Kim 0-0: Ball
1-0: Ball
2-0: Called Strike
2-1: Swinging Strike
2-2: Strikes out swinging
Batting: RHB Fletcher Megarity 0-0: Fielders Choice at 2nd, 6-4 (Groundball, 6)
Top of the 8th over - 0 runs, 0 hits, 0 errors, 1 left on base; Springfield 0 - Lake Minnetonka 11
BOTTOM OF THE 8TH
Lake Minnetonka Love Boats batting - Pitching for Springfield Shooters : LHP Otte Leuthold
Batting: RHB Mario van Heijbeeck 0-0: Ball
1-0: Foul Ball, location: 2F
1-1: Ball
2-1: Ball
3-1: SINGLE (Groundball, 56D)
Batting: RHB Guillermo Carrizales 0-0: Called Strike
0-1: Ball
Mario van Heijbeeck steals 2nd base
1-1: Ball
2-1: Ball
3-1: Base on Balls
Pitching: RHP Rex Negrete
Batting: LHB Jin-song Seah 0-0: Ball
1-0: Called Strike
1-1: Ball
2-1: Called Strike
2-2: Ground out U3 (Groundball, 34S)
Mario van Heijbeeck to third
Guillermo Carrizales to second
Batting: RHB Shihei Kichikawa 0-0: Foul Ball, location: 2F
0-1: Foul Ball, location: 2F
0-2: SINGLE (Line Drive, 6M)
Mario van Heijbeeck scores
Guillermo Carrizales to third
Batting: RHB Yoshii Saikawa 0-0: Ball
1-0: Grounds into double play, 4-6-3 (Groundball, 4)
Bottom of the 8th over - 1 run, 2 hits, 0 errors, 1 left on base; Springfield 0 - Lake Minnetonka 12
TOP OF THE 9TH
Springfield Shooters batting - Pitching for Lake Minnetonka Love Boats : RHP Kagetoki Matsubara
Batting: RHB Lee Allen 0-0: Ball
1-0: Called Strike
1-1: Called Strike
1-2: Ball
2-2: Fly out, F7 (Line Drive, 7LM)
Batting: RHB Miguel Elías 0-0: Ball
1-0: Swinging Strike
1-1: Ground out 6-3 (Groundball, 6MS)
Batting: RHB Sébastien Bernard 0-0: Ball
1-0: Ground out 6-3 (Groundball, 6D)
Top of the 9th over - 0 runs, 0 hits, 0 errors, 0 left on base; Springfield 0 - Lake Minnetonka 12
Wednesday, September 19th, 2018 - OOTP Baseball 18.8 Build 76